 Dungeon Crawl Stone Soup version 0.29.1-15-g9cfb28693d (webtiles) character file.

Game seed: 10403603918563640094

291 javelincjr the Agent of Entropy (level 6, -4/108 HPs)
             Began as a Demonspawn Abyssal Knight on Mar 24, 2023.
             Was a Priest of Lugonu.
             Slain by a scorpion (5 damage)
             ... on level 5 of the Dungeon.
             The game lasted 00:19:29 (4298 turns).

javelincjr the Agent of Entropy (DsAK)              Turns: 4298, Time: 00:19:29

Health: -4/108     AC: 23    Str: 12 (13) XL:     6   Next: 10%
Magic:  8/9        EV:  2    Int: 11 (13) God:    Lugonu [***...]
Gold:   165        SH:  0    Dex: 12 (14) Spells: 4/5 levels left

rFire   . . .      SeeInvis .   g - +0 demon trident
rCold   + . .      Faith    .   (no shield)
rNeg    . . .      Spirit   .   (body armour currently unavailable)
rPois   +          Reflect  .   (helmet currently unavailable)
rElec   .          Harm     .   (cloak currently unavailable)
rCorr   +          Rampage  .   (gloves currently unavailable)
Will    .....      NoTele   +   (boots currently unavailable)
Stlth   ..........              j - amulet of regeneration
HPRegen 1.08/turn               l - ring of protection from cold
MPRegen 0.11/turn               u - ring of resist corrosion

@: brilliant, berserking, lethally poisoned (-4 -> -4), tree-form, invisible,
very quick
A: stationary, stasis, torment immunity, boosted hp, (sharp scales 1), demonic
magic 1
a: Renounce Religion, Depart the Abyss, Bend Space, Banish


You were on level 5 of the Dungeon.
You worshipped Lugonu.
Lugonu was most pleased with you.
You were a tree.
You visited 2 branches of the dungeon, and saw 6 of its levels.
You visited the Abyss 1 time.

You collected 165 gold pieces.

Inventory:

Hand Weapons
 a - a +1 hand axe
 g - a +0 demon trident (weapon)
 t - a +0 war axe
Missiles
 p - 5 poisoned darts
Armour
 b - a +0 leather armour (melded)
 n - a +1 pair of boots (melded)
Magical Staves
 r - a staff of conjuration
Jewellery
 j - an amulet of regeneration (around neck)
 l - a ring of protection from cold (left branch)
 u - a ring of resist corrosion (right branch)
 x - a +4 ring of evasion
Wands
 c - a wand of digging (4)
Scrolls
 e - a scroll of magic mapping
 h - 3 scrolls of teleportation
 i - a scroll of amnesia
 s - 3 scrolls of identify
Potions
 m - 3 potions of invisibility
 q - a potion of magic {unknown}
 v - 3 potions of curing {unknown}
 w - a potion of heal wounds {unknown}


   Skills:
 + Level 4.0 Fighting
 - Level 2.0(2.4) Axes
 + Level 2.0(2.4) Polearms
 + Level 3.0 Armour
 + Level 2.4 Dodging
 + Level 0.1 Spellcasting
 + Level 4.2 Invocations


You had 4 spell levels left.
You knew the following spells:

 Your Spells              Type           Power      Damage    Failure   Level
a - Slow                  Hex            0%         N/A       34%         1

Your spell library contained the following spells:

 Spells                   Type           Power      Damage    Failure   Level
 Beastly Appendage        Tmut           0%         N/A       34%         1
 Magic Dart               Conj           0%         1d3       34%         1
 Searing Ray              Conj           0%         2d4       47%         2
 Wereblood                Tmut           0%         N/A       47%         2
 Confusing Touch          Hex            0%         N/A       71%         3
 Spider Form              Tmut/Pois      0%         N/A       71%         3
 Vampiric Draining        Necr           0%         2d6       71%         3
 Fulminant Prism          Conj/Hex       0%         3d6       98%         4


Dungeon Overview and Level Annotations

Branches:
Dungeon (5/15)             Temple (1/1) D:4

Altars:
Ashenzari
Dithmenos
Fedhas
Gozag
Hepliaklqana
Makhleb
Nemelex Xobeh
Ru
Sif Muna
Uskayaw
Vehumet
Wu Jian
Xom
Yredelemnul

Annotations:
D:5 Pikel


Innate Abilities, Weirdness & Mutations

You are a tree.
Your roots penetrate the ground, keeping you stationary.
You cannot be teleported.
You are immune to unholy pain and torment.
Your maximum health is greatly increased.
Your equipment is partially melded.
((You are partially covered in razor-sharp scales. (AC +1, Slay +1)))
Spells you cast may paralyse adjacent enemies.


Message History

You closely miss the scorpion.
The scorpion is moderately wounded.
You feel sick. The scorpion stings you.
* * * LOW HITPOINT WARNING * * *
You are more poisoned.
The scorpion poisons you!
It was a potion of degeneration.
There was something very wrong with that liquid.
You feel weakened.
You feel dopey.
You feel clumsy.
* * * LOW HITPOINT WARNING * * *
You feel very sick.
The scorpion stings you but does no damage.
Space bends violently around you!
You blink.
* * * LOW HITPOINT WARNING * * *
You feel very sick.
Pikel shouts!
Pikel says, "You'll freeze in Cocytus!"
Found a dented amethyst amulet.
* * * LOW HITPOINT WARNING * * *
You feel sick.
It was a potion of invisibility.
You fade into invisibility!
* * * LOW HITPOINT WARNING * * *
You feel sick.
It was a potion of lignification.
You turn into a tree.
Your +1 pair of boots melds into your body.
Your +0 leather armour melds into your body.
Your roots penetrate the ground.
* * * LOW HITPOINT WARNING * * *
You feel sick.
It was a potion of brilliance.
You feel clever all of a sudden.
* * * LOW HITPOINT WARNING * * *
You feel sick.
The scorpion stings you but does no damage.
It was a potion of berserk rage.
A red film seems to cover your vision as you go berserk!
You feel yourself moving faster!
You feel mighty!
You feel sick. The scorpion stings you.
You die...

#5...§.# ..#5.≈.#
.. §§§ ... ..
..≈.###. ≈§ ..
.§... ≈.#..##
≈≈≈≈§ ... .#
.§.... ..#..#
......##.#..#
#...........### .
........♣>....##.
####....s.......
. #..........##..
.#..............
.............#
.........<....#
##.............#
#.##..$.......#
##......#....#


You could see a scorpion (unable to see you).

Vanquished Creatures
  2 scorpions (D:4)
  A jelly (D:5)
  An orc wizard (D:3)
  5 adders
  A white imp (D:5)
  A dart slug (D:4)
  3 orcs (D:3)
  4 endoplasms (D:4)
  2 giant cockroaches
  9 goblins
  A hobgoblin (D:2)
  4 jackals (D:4)
  3 quokkas
  10 ball pythons
  6 bats
  A frilled lizard (D:3)
  5 kobolds
  5 rats
64 creatures vanquished.

Vanquished Creatures (others)
  2 fungi (D:4)
  3 plants (D:4)
5 creatures vanquished.

Grand Total: 69 creatures vanquished

Notes
Turn   | Place    | Note
-------+----------+-------------------------------------------
     0 | Abyss:1  | javelincjr the Demonspawn Abyssal Knight began the quest
                  | for the Orb.
     0 | Abyss:1  | Reached XP level 1. HP: 18/18 MP: 2/2
     2 | Abyss:1  | Found a corrupted altar of Lugonu.
    35 | Abyss:1  | Noticed a tentacled starspawn
    87 | Abyss:1  | Noticed a raiju
   131 | Abyss:2  | Noticed a starcursed mass
   146 | D:1      | Escaped the Abyss
   477 | D:1      | Reached skill level 1 in Dodging
   541 | D:1      | Reached ** piety under Lugonu
   700 | D:1      | Gained mutation: You are partially covered in razor-sharp
                  | scales. (AC +1, Slay +1) [demonic ancestry]
   700 | D:1      | Reached XP level 2. HP: 11/24 MP: 4/4
  1619 | D:2      | Gained mutation: Spells you cast may paralyse adjacent
                  | enemies. [demonic ancestry]
  1619 | D:2      | Reached XP level 3. HP: 28/29 MP: 5/5
  1674 | D:2      | Found a hazy altar of Hepliaklqana.
  1759 | D:2      | Found a faded altar of an unknown god.
  2067 | D:3      | Found an ornate altar of the Wu Jian Council.
  2109 | D:3      | Found a sparkling altar of Nemelex Xobeh.
  2123 | D:3      | Reached skill level 1 in Polearms
  2123 | D:3      | Reached XP level 4. HP: 11/35 MP: 6/6
  2428 | D:3      | Noticed a +0 hand axe
  2431 | D:3      | Noticed a +0 hand axe
  2440 | D:3      | Found a hide-covered altar of Uskayaw.
  2930 | D:4      | Noticed a scorpion
  2930 | D:4      | Found a staircase to the Ecumenical Temple.
  2985 | D:4      | Found a shimmering altar of Xom.
  2986 | D:4      | Found a hazy altar of Hepliaklqana.
  2988 | D:4      | Noticed a spectral ugly thing
  3041 | D:4      | Learned a level 1 spell: Slow
  3051 | D:4      | Killed a scorpion
  3052 | D:4      | Reached XP level 5. HP: 25/42 MP: 2/7
  3190 | Temple   | Entered the Ecumenical Temple
  3595 | D:4      | Found a sacrificial altar of Ru.
  3689 | D:4      | Reached *** piety under Lugonu
  3959 | D:4      | Found a burning altar of Makhleb.
  4188 | D:5      | Entered Level 5 of the Dungeon
  4188 | D:5      | Noticed Pikel
  4188 | D:5      | Noticed a lemure
  4188 | D:5      | Noticed a lemure
  4188 | D:5      | Noticed a lemure
  4188 | D:5      | Noticed a lemure
  4279 | D:5      | Reached XP level 6. HP: 45/48 MP: 9/9
  4294 | D:5      | HP: 2/48 [poisoned by a scorpion]
  4298 | D:5      | Slain by a scorpion

Illustrated notes

Levels and vault maps discovered:
D:1:      ncdulo_watergridlock, layout_basic, chequers_arboretum,
          minmay_misc_feat_roman, chequers_garden
D:2:      layout_basic, basic_altar, ebering_ecumenical_altar_hall
D:3:      layout_loops_ring, dancing_weapons_uskayaw, mainiacjoe_overflow_paths,
          old_standard_altar
D:4:      layout_basic, regret_index_temple_of_mockery, general_overflow_altar,
          nicolae_ru_the_path_less_chosen, minmay_temple_entry_stoned_glass,
          serial_curves, eino_curves_04, eino_curves_04, eino_curves_01
D:5:      layout_rooms, mainiacjoe_overflow_brackets, uniq_pikel
Temple:   hellmonk_temple_forest_ring

Skill      XL: |  1  2  3  4  5 |
---------------+----------------+-----
Dodging        | 1 2 |  2.4
Axes           | 2 |  2.0
Armour         | 2 3 |  3.0
Invocations    | 3 4 |  4.2
Polearms       | 1 2 |  2.0
Fighting       | 4 |  4.0
Spellcasting   | |  0.1

Action                   |  1- 3 |  4- 6 || total
-------------------------+-------+-------++-------
Melee: Hand axe          |    28 |       ||    28
       Demon trident     |    62 |    92 ||   154
       Punch             |     1 |     1 ||     2
 Cast: Slow              |       |     3 ||     3
Invok: Depart the Abyss  |     1 |       ||     1
       Bend Space        |       |     1 ||     1
  Use: Scroll            |     3 |     4 ||     7
       Potion            |       |     5 ||     5
 Stab: Sleeping          |     1 |     3 ||     4
       Paralysed         |       |     2 ||     2
Armor: Leather armour    |    29 |    35 ||    64
       Skin              |       |     1 ||     1
Dodge: Dodged            |    40 |    50 ||    90
